AoeStats
← Kanyaga

Arabia

509676623Analyzed
1v1 RM · 5d ago on Sep 27, 2026· 41m 43s· 2 players
Game mode
Random Map
Map size
Tiny (2 player)
Population
200
Speed
Normal
Resources
Standard
Victory
Conquest
Starting age
Dark Age
Ending age
Imperial Age
RankedLock teamsTeams togetherTeam positionsShared explorationLock speedFull tech treeHidden civsTurbo modeCheats
Victory
Defeat
🇹🇷 Huns · Türkiye
1563
+13
🇨🇿 Byzantines · Czechia
1495
-13
Tonix
8:50 Loom
11:14 Feudal Age
12:17 Double-Bit Axe
13:34 Horse Collar
16:48 Wheelbarrow
21:10 Castle Age
19:46 Forging
20:08 Scale Mail Armor
22:24 Bow Saw
33:09 Imperial Age
31:00 Hand Cart
30:39 Gold Mining
32:09 Fletching
32:20 Padded Archer Armor
33:12 Heavy Plow
34:49 Chemistry
33:13 Elite Skirmisher
34:37 Conscription
34:52 Bodkin Arrow
35:12 Leather Archer Armor
37:29 Thumb Ring
36:47 Pikeman
37:28 Squires
39:35 Ring Archer Armor
39:06 Bracer
Kanyaga
6:20 Loom
8:43 Feudal Age
9:17 Double-Bit Axe
9:12 Horse Collar
18:03 Castle Age
17:22 Fletching
17:30 Gold Mining
19:05 Bow Saw
21:25 Heavy Plow
22:02 Wheelbarrow
24:52 Man-at-Arms
26:19 Stone Mining
26:54 Hand Cart
26:25 Town Watch
28:58 Padded Archer Armor
30:47 Bodkin Arrow
31:07 Leather Archer Armor
34:15 Imperial Age
32:36 Thumb Ring
32:38 Scale Barding Armor
33:18 Forging
33:21 Masonry
35:17 Gold Shaft Mining
34:58 Bracer
36:04 Chemistry
35:25 Ballistics
35:40 Parthian Tactics
35:42 Conscription
35:14 Heavy Cavalry Archer
36:02 Murder Holes
38:34 Bloodlines
38:24 Husbandry
38:04 Light Cavalry
40:41 Hussar
41:43 Chain Barding Armor
41:16 Cavalier
Connection lost

Rejoining the realm…

Still unreachable

The connection could not be restored.

Session expired

The server has moved on; the page needs a fresh start.